 Dungeon Crawl Stone Soup version 0.29.0-5-ge4962eb29e (webtiles) character file.

Game seed: 9520524659424448453

168 Sobieck the Digger (level 5, -8/26 HPs)
             Began as a Vine Stalker Earth Elementalist on Aug 29, 2022.
             Succumbed to a kobold brigand's curare-tipped dart
             ... in a sewer.
             The game lasted 00:05:12 (2620 turns).

Sobieck the Digger (VSEE)                           Turns: 2620, Time: 00:05:13

Health: -8/26      AC:  3    Str: 10    XL:     5   Next: 48%
Magic:  0/10       EV: 12    Int: 21    God:
Gold:   178        SH:  0    Dex: 17    Spells: 9/10 levels left

rFire   . . .      SeeInvis +   a - +0 dagger {short}
rCold   . . .      Faith    .   (no shield)
rNeg    . . .      Spirit   +   n - +0 robe
rPois   .          Reflect  .   (no helmet)
rElec   .          Harm     .   g - +0 cloak
rCorr   .          Rampage  .   (no gloves)
Will    .....                   (no boots)
Stlth   +++.......              (no amulet)
HPRegen 0.88/turn               r - ring of see invisible
MPRegen 0.12/turn               y - +6 ring of intelligence

@: lethally poisoned (-8 -> -33), slowed, very slow
A: fangs 2, regeneration 1, magic shield, antimagic bite, no potion heal 2
a: no special abilities


You were in a sewer.
You visited 1 branch of the dungeon, and saw 3 of its levels.
You also visited: Sewer.

You collected 178 gold pieces.


Innate Abilities, Weirdness & Mutations

You have extremely sharp teeth.
Your natural rate of healing is unusually fast.
When hurt, damage is shared between your health and your magic reserves.
Your bite disrupts and absorbs the magic of your enemies.
Potions cannot restore your health.


   Skills:
 + Level 1.8 Fighting
 + Level 1.5 Short Blades
 - Level 1.5 Dodging
 + Level 3.8 Stealth
 + Level 3.2 Spellcasting
 - Level 1.0 Transmutations
 + Level 3.8 Earth Magic


You had 9 spell levels left.
You knew the following spells:

 Your Spells              Type           Power      Damage    Failure   Level
a - Sandblast             Erth           38%        2d10      2%          1

Your spell library contained the following spells:

 Spells                   Type           Power      Damage    Failure   Level
 Passwall                 Tmut/Erth      10%        N/A       8%          2
 Stone Arrow              Conj/Erth      22%        3d8       19%         3
 Ignite Poison            Fire/Tmut/Pois 4%         N/A       34%         3
 Mephitic Cloud           Conj/Pois/Air  3%         N/A       36%         3
 Petrify                  Tmut/Erth      13%        N/A       43%         4
 Freezing Cloud           Conj/Ice/Air   1%         6-21      98%         5

Inventory:

Hand Weapons
 a - a +0 dagger (weapon) {short}
   (You took it off a goblin on level 1 of the Dungeon)
 h - a +0 whip {mace}
   (You took it off a kobold on level 1 of the Dungeon)
 j - a +0 spear {polearm}
   (You found it on level 1 of the Dungeon)
 o - a +0 whip {mace}
   (You took it off a kobold on level 1 of the Dungeon)
 C - a +0 short sword of holy wrath {short}
   (You took it off a kobold in a sewer)
Missiles
 c - 21 stones {throwing}
 l - 42 poisoned darts {throwing}
 t - 4 javelins {throwing}
Armour
 d - a +0 robe
   (You found it on level 1 of the Dungeon)
 e - a +0 leather armour
   (You found it on level 1 of the Dungeon)
 g - a +0 cloak (worn)
   (You found it on level 1 of the Dungeon)
 k - a +0 robe
   (You found it on level 1 of the Dungeon)
 n - a +0 robe (worn)
 s - a +0 robe
   (You found it on level 2 of the Dungeon)
 u - a +0 plate armour
   (You found it on level 2 of the Dungeon)
 v - a +0 scale mail
   (You found it on level 2 of the Dungeon)
 w - a +0 robe
   (You found it on level 2 of the Dungeon)
 B - a +0 scale mail
   (You found it on level 3 of the Dungeon)
 F - a +0 leather armour
   (You found it in a sewer)
Jewellery
 r - a ring of see invisible (left hand)
   (You found it on level 1 of the Dungeon)
 y - a +6 ring of intelligence (right hand)
   (You found it on level 2 of the Dungeon)
Scrolls
 f - a scroll of enchant weapon {unknown}
 m - 2 scrolls of teleportation {unknown}
 p - a scroll of identify {unknown}
 q - a scroll of immolation {unknown}
 x - a scroll of brand weapon {unknown}
 A - a scroll of magic mapping {unknown}
 H - a scroll of noise {unknown}
Potions
 b - a potion of magic
 i - a potion of mutation {unknown}
 z - a potion of degeneration {unknown}
 D - 2 potions of haste {unknown}
 E - 2 potions of might {unknown}
 G - a potion of invisibility {unknown}

Dungeon Overview and Level Annotations

Branches:
Dungeon (3/15) Zot: 16013   Sewer (1/1) Zot: 5320

Altars:

#≈ #≈≈≈≈≈≈≈≈≈≈≈≈≈≈~≈~~~
#≈ ≈#≈#≈≈≈≈≈≈≈≈≈≈≈~≈~~~~~
# #≈#≈≈≈≈≈≈≈~~~≈≈~.~~.~~
#≈#≈≈≈~≈~~~.~.~......
#≈≈≈≈≈##~~....##.... # #
#≈.~##......####... #!.#.
#~............##...
#[...K#..................
#...K).@......###.....##
#.....#.......## ###..##
#?.#. #..###### #### # #
####


You could see a kobold brigand and a kobold.


Message History

The rat twitches its whiskers.
You can't see any susceptible monsters within range! (Use Z to cast anyway.)
You barely miss the rat. The rat closely misses you.
You hit the rat. The rat bites you but does no damage.
You hit the rat but do no damage. The rat bites you.
You hit the rat.
You kill the rat!
No target in view!
A rat comes into view.
Danger!
The helpless rat fails to defend itself.
You impale the rat!!
You kill the rat!
Unknown command.
You open the door. 4 kobolds come into view.
A kobold is wielding a +0 whip and quivering poisoned darts.
Danger!
Unknown command.
Unknown command.
The blast of sand hits the kobold!
You kill the kobold!
The kobold shouts! x3
The blast of sand hits the kobold!
You kill the kobold!
The blast of sand hits the kobold!
You kill the kobold!
The blast of sand misses the kobold.
The kobold hits you with a +0 short sword.
The kobold hits you but does no damage.
Unknown command.
The blast of sand hits the kobold.
You kill the kobold!
Unknown command.
c - 20 stones {throwing} (gained 4)
There is an open door here.
You see here a +0 short sword {short}.
You see here a +0 club {mace}.
l - 42 poisoned darts {throwing} (gained 8)
You see here a +0 whip {mace}.
E - 2 sedimented emerald potions (gained 1)
D - 2 fuming inky potions (gained 1)
H - a scroll labelled XARGHA BUSMAMY Unknown command.
c - 21 stones {throwing} (gained 1)
You see here a +0 dagger {short}.
You see here a +0 club {mace}.
There is an open door here.
You see here a +0 short sword {short}.
A rat comes into view.
Danger!
You can't see any susceptible monsters within range! (Use Z to cast anyway.)
The blast of sand hits the rat!
You kill the rat!
Unknown command.
You start resting.
Unknown command.
You open the door. 2 kobolds and 2 kobold brigands come into view.
A kobold brigand is wielding a +0 short sword and quivering curare-tipped darts.
A kobold brigand is wielding a +0 whip and quivering poisoned darts.
The kobold shouts!
The kobold brigand shouts! x2; The kobold shouts!
Danger!
You close the door.
A kobold breaks down the door.
Danger!
The blast of sand hits the kobold brigand!
The blast of sand hits the kobold!
You kill the kobold!
The kobold brigand throws a curare-tipped dart.
The curare-tipped dart hits you.
You are poisoned.
You have difficulty breathing.
You feel yourself slow down.
The blast of sand hits the kobold brigand!
You feel very sick.
The kobold brigand throws a curare-tipped dart.
The curare-tipped dart hits you.
You are more poisoned.
You have difficulty breathing.
* * * LOW HITPOINT WARNING * * *
You feel as though you will be slow longer.
The kobold brigand throws a curare-tipped dart.
The curare-tipped dart hits you.
You are more poisoned.
You have difficulty breathing.
* * * LOW HITPOINT WARNING * * *
You feel as though you will be slow longer.
You are too injured to fight recklessly!
Unknown command.
You are too injured to fight recklessly!
Unknown command.
Casting: Sandblast (safe; 2% risk of failure)
Confirm with . or Enter, or press ? or * to list all spells.
Aiming: Sandblast (safe; 2% risk of failure)
Press: ? - help, Shift-Dir - straight line, f/p - kobold brigand
Aim: a kobold brigand, wielding a +0 short sword and quivering curare-tipped darts (almost dead, 77% to hit)
The blast of sand hits the kobold brigand!
You kill the kobold brigand!
Ouch! That really hurt!
You die...

Skill      XL: |  1  2  3  4 |
---------------+-------------+-----
Stealth        | 3 |  3.8
Fighting       | 1 |  1.8
Short Blades   | 1 |  1.5
Spellcasting   | 3 |  3.2
Dodging        | |  1.5
Transmutations | |  1.0
Earth Magic    | |  3.8

Action                   |  1- 3 |  4- 6 || total
-------------------------+-------+-------++-------
Melee: Unarmed           |     5 |       ||     5
       Bite              |     4 |     9 ||    13
       Dagger            |     3 |    43 ||    46
       Punch             |       |     1 ||     1
 Cast: Sandblast         |    23 |    65 ||    88
 Stab: Sleeping          |     2 |     2 ||     4
Armor: Robe              |     2 |     7 ||     9
Dodge: Dodged            |    10 |    42 ||    52

Levels and vault maps discovered:
D:1:      erik_arrival_orb_chamber, layout_loops_ring, minmay_misc_feat_iff,
          kennysheep_nondescript
D:2:      layout_rooms, hellmonk_ecumenical_altar_leap_of_faith,
          minmay_crystal_room
D:3:      layout_rooms, chei_slow_surprise, mainiacjoe_overflow_alcove_4,
          cheibrodos_sewer_entry_bend
Sewer:    sewer_minmay_treatment

Notes
Turn   | Place    | Note
-------+----------+-------------------------------------------
     0 | D:1      | Sobieck the Vine Stalker Earth Elementalist began the quest
                  | for the Orb.
     0 | D:1      | Reached XP level 1. HP: 9/9 MP: 4/4
    38 | D:1      | HP: 1/9 [dart slug/slug dart (3)]
   394 | D:1      | Reached XP level 2. HP: 14/14 MP: 4/6
   729 | D:1      | You add the spells Ignite Poison, Mephitic Cloud and
                  | Freezing Cloud to your library.
  1076 | D:2      | Reached skill level 3 in Stealth
  1076 | D:2      | Reached XP level 3. HP: 13/17 MP: 5/7
  1281 | D:2      | Reached skill level 1 in Fighting
  1387 | D:2      | Gained mutation: Your natural rate of healing is unusually
                  | fast. [Vine Stalker growth]
  1387 | D:2      | Reached XP level 4. HP: 22/22 MP: 6/9
  1622 | D:2      | Found a faded altar of an unknown god.
  1636 | D:2      | Reached skill level 1 in Short Blades
  1917 | D:3      | Found a glowing drain.
  1963 | Sewer    | Entered a sewer
  2062 | Sewer    | Reached skill level 3 in Spellcasting
  2302 | Sewer    | Reached XP level 5. HP: 22/25 MP: 2/10
  2614 | Sewer    | Noticed a kobold brigand
  2614 | Sewer    | Noticed a kobold brigand
  2619 | Sewer    | HP: 4/26 [asphyx]
  2620 | Sewer    | Killed a kobold brigand
  2620 | Sewer    | Succumbed to a kobold brigand's curare-tipped dart

Vanquished Creatures
  A kobold brigand (Sewer)
  7 adders
  4 river rats (Sewer)
  3 worms
  A dart slug (D:1)
  An orc (D:3)
  2 endoplasms
  2 giant cockroaches
  A goblin (D:1)
  3 hobgoblins
  2 quokkas
  6 ball pythons (Sewer)
  4 bats
  4 frilled lizards
  14 kobolds
  17 rats (Sewer)
72 creatures vanquished.

Table legend:
 A = Non-vault XP
 B = Vault XP
 C = Vault XP percentage of total XP
 D = Non-vault monster count
 E = Vault monster count
 F = Vault count percentage of total count
                 A         B        C        D         E       F
            +---------+---------+-------+---------+---------+-------
      Total |     106 |     226 |  68.1 |      26 |      46 |  63.9
            +---------+---------+-------+---------+---------+-------
        D:1 |      22 |       0 |   0.0 |      13 |       0 |   0.0
        D:2 |      77 |       0 |   0.0 |      10 |       0 |   0.0
        D:3 |       7 |      10 |  58.8 |       3 |       2 |  40.0
      Sewer |       0 |     216 | 100.0 |       0 |      44 | 100.0
            +---------+---------+-------+---------+---------+-------

Illustrated notes

Table legend:
 A = Kills in this place as a percentage of kills in entire the game.
 B = Kills by you in this place as a percentage of kills by you in the entire game.
 C = Kills by friends in this place as a percentage of kills by friends in the entire game.
 D = Other kills in this place as a percentage of other kills in the entire game.
 E = Experience gained in this place as a percentage of experience gained in the entire game.
 F = Experience gained in this place divided by the number of levels of this place that you have seen.
                   A       B       C       D       E      F
               +-------+-------+-------+-------+-------+----------------------
         Total | 100.0 | 100.0 |   N/A |   N/A | 100.0 |  83.0
       Dungeon |  38.9 |  38.9 |   N/A |   N/A |  34.9 |  38.7
         Sewer |  61.1 |  61.1 |   N/A |   N/A |  65.1 | 216.0
               +-------+-------+-------+-------+-------+----------------------

Table legend: (Time is in decaauts)
 A = Elapsed time spent in this place.
 B = Non-inter-level travel time spent in this place.
 C = Inter-level travel time spent in this place.
 D = Time resting spent in this place.
 E = Time spent auto-exploring this place.
 F = Levels seen in this place.
 G = Mean time per level.
                   A        B        C        D        E       F      G
               +--------+--------+--------+--------+--------+-----+--------+
         Total |   2667 |   2576 |     91 |    496 |   1515 |   4 |  666.8 |
       Dungeon |   1987 |   1896 |     91 |    307 |   1380 |   3 |  662.3 |
         Sewer |    680 |    680 |      0 |    189 |    135 |   1 |  680.0 |
               +--------+--------+--------+--------+--------+-----+--------+

Top non-repeatable levels by time:
     D:1: 1019 daAuts
     D:2: 786 daAuts
   Sewer: 680 daAuts
     D:3: 181 daAuts
